 Dungeon Crawl Stone Soup version 0.20.1-1-g8b1a95d (webtiles) character file.

171 Irenicus the Firebug (level 5, -8/31 HPs)
             Began as an Octopode Fire Elementalist on Nov 5, 2017.
             Mangled by Irenicus's ghost (10 damage)
             ... on level 4 of the Dungeon.
             The game lasted 00:10:09 (1404 turns).

Irenicus the Firebug (Octopode Fire Elementalist)   Turns: 1404, Time: 00:10:11

Health: -8/31      AC:  1    Str: 12    XL:     5   Next: 51%
Magic:  8/9        EV: 13    Int: 19    God:
Gold:   95         SH:  0    Dex: 12    Spells: 7/10 levels left

rFire    . . .     SeeInvis .   e - +3 mace (crush)
rCold    . . .     Gourm    .   (no shield)
rNeg     + . .     Faith    .   (helmet restricted)
rPois    .         Spirit   .   j - amulet of inaccuracy (curse)
rElec    .         Reflect  .   c - ring of positive energy
rCorr    .         Harm     .   (no ring)
MR       .....                  (no ring)
Stlth    +++.......             (no ring)
Regen    0.1/turn               (no ring)
MPRegen  0.2/turn               (no ring)
                                (no ring)
                                (no ring)

@: mighty, very slightly contaminated
A: almost no armour, stealthy swim, amphibious, 8 rings, constrict 8, camouflage
1, gelatinous body 1
a: no special abilities


You were on level 4 of the Dungeon.
You were hungry.

You visited 1 branch of the dungeon, and saw 4 of its levels.

You collected 95 gold pieces.

Inventory:

Hand Weapons
 e - a +3 mace of crushing (weapon)
Jewellery
 c - a ring of positive energy (left tentacle)
 j - a cursed amulet of inaccuracy (around mantle)
Scrolls
 d - 2 scrolls of fog
 k - a scroll of amnesia
 o - a scroll of identify {unknown}
 p - a scroll of immolation {unknown}
 q - a scroll of remove curse {unknown}
Potions
 m - a potion of ambrosia {unknown}
 n - a potion of cancellation {unknown}
Books
 a - a book of Flames

   Spells                             Type                      Level
   a - Flame Tongue                   Conjuration/Fire             1
   b - Throw Flame                    Conjuration/Fire             2
   c - Conjure Flame                  Conjuration/Fire             3
   d - Inner Flame                    Hexes/Fire                   3
   e - Sticky Flame                   Conjuration/Fire             4
   f - Fireball                       Conjuration/Fire             5
 l - a book of Changes

   Spells                             Type                      Level
   a - Beastly Appendage              Transmutation                1
   b - Sticks to Snakes               Transmutation                2
   c - Spider Form                    Transmutation/Poison         3
   d - Ice Form                       Ice/Transmutation            4
   e - Blade Hands                    Transmutation                5
Comestibles
 b - a bread ration
 f - a meat ration
 g - 3 royal jellies
 i - 8 fruits


   Skills:
 - Level 2.0 Dodging
 - Level 2.6 Stealth
 - Level 3.0 Spellcasting
 + Level 3.6 Conjurations
 - Level 4.0 Fire Magic


You had 7 spell levels left.
You knew the following spells:

 Your Spells              Type           Power        Failure   Level  Hunger
a - Flame Tongue          Conj/Fire      ###..        3%          1    None
b - Throw Flame           Conj/Fire      ###...       4%          2    ##.....


Dungeon Overview and Level Annotations

Branches:
Dungeon (4/15)
 Temple: D:4-7

Altars:
Zin

Annotations:
D:3 Sigmund; pnugent3's ghost, amateur DEFE
D:4 1 transporter, Irenicus's ghost, weakling DDMo


Innate Abilities, Weirdness & Mutations

You cannot wear most types of armour.
You are very stealthy in the water. (Stealth+)
You are amphibious.
You can wear up to eight rings at the same time.
You can use your tentacles to constrict eight enemies at once.
Your skin changes colour to match your surroundings (Stealth+).
Your rubbery body absorbs attacks. (AC +1, EV +1)


Message History

Irenicus's ghost shrieks, "You will join me soon!"
An adder zombie comes into view.
The adder zombie bites you.
Casting: Flame Tongue
Confirm with . or Enter, or press ? or * to list all spells.
Aiming: Flame Tongue
Press: ? - help, Shift-Dir - straight line, f - adder zombie
Aim: an adder zombie You miscast Flame Tongue.
You are very lightly contaminated with residual magic.
Nothing appears to happen.
The adder zombie bites you. Irenicus's ghost hits you!
* * * LOW HITPOINT WARNING * * *
It was a potion of might.
You feel very mighty all of a sudden. The adder zombie bites you.
* * * LOW HITPOINT WARNING * * *
Irenicus's ghost says, "I'll split you in two!"
Irenicus's ghost hits you!
You die...

#########
###.......#
#.......#.#
##########.#.##....#
#.W@Z....#.#.#......
#.######.#.#.......#
#.######.#.#####.###
#.##.......# #.#
#....[...### #.#
####.##### #+# #.#
#.. ###.


You could see Irenicus's ghost and an adder zombie.

Vanquished Creatures
  Natasha (thrice) (D:2)
  A worker ant (D:4)
  3 adders (D:2)
  2 oozes
  2 dart slugs
  A leopard gecko (D:2)
  2 ball pythons (D:2)
  4 bats
  4 giant cockroaches
  2 goblins (D:3)
  3 hobgoblins
  A kobold (D:1)
  2 quokkas
  2 frilled lizards (D:2)
  A rat (D:3)
33 creatures vanquished.

Notes
Turn   | Place    | Note
-------+----------+-------------------------------------------
     0 | D:1      | Irenicus the Octopode Fire Elementalist began the quest for the Orb.
     0 | D:1      | Reached XP level 1. HP: 11/11 MP: 3/3
   118 | D:1      | You fall through a shaft!
   201 | D:2      | Noticed Natasha
   209 | D:2      | Noticed a crimson imp
   216 | D:2      | Killed Natasha
   216 | D:2      | Reached XP level 2. HP: 5/17 MP: 0/5
   216 | D:2      | Reached XP level 3. HP: 6/21 MP: 0/6
   256 | D:2      | Noticed Natasha
   266 | D:2      | Learned a level 2 spell: Throw Flame
   443 | D:2      | Killed Natasha
   443 | D:2      | Reached XP level 4. HP: 18/27 MP: 0/8
   696 | D:2      | Noticed Natasha
   702 | D:2      | Killed Natasha
   702 | D:2      | Reached XP level 5. HP: 24/31 MP: 3/9
   716 | D:3      | Noticed pnugent3's ghost (amateur DEFE)
   719 | D:3      | Noticed Sigmund
   790 | D:3      | Reached skill level 4 in Fire Magic
  1271 | D:4      | Found a glowing silver altar of Zin.
  1281 | D:4      | Found a transporter.
  1282 | D:4      | Noticed Irenicus's ghost (weakling DDMo)
  1404 | D:4      | Mangled by Irenicus's ghost

Skill      XL: |  1  2  3  4  5 |
---------------+----------------+-----
Conjurations   | 3 |  3.6
Spellcasting   | 3 |  3.0
Fire Magic     | 4 |  4.0
Dodging        | |  2.0
Stealth        | |  2.6

Action                   |  1- 3 |  4- 6 || total
-------------------------+-------+-------++-------
Melee: Unarmed           |     7 |       ||     7
       Constrict         |     3 |     3 ||     6
       Tentacles         |     3 |     2 ||     5
       Mace              |     5 |    15 ||    20
 Cast: Flame Tongue      |    23 |    38 ||    61
       Throw Flame       |     1 |     1 ||     2
  Use: Scroll            |       |     4 ||     4
       Potion            |       |     1 ||     1
 Stab: Sleeping          |     3 |     3 ||     6
  Eat: Chunk             |       |     1 ||     1
Armor: Skin              |     2 |     1 ||     3
Dodge: Dodged            |     8 |    23 ||    31
